Flames vs Blues

Created - 3 février 2021 at 10:21

Goals
1 2 3 T
Flames 1 0 0 1
Blues 0 0 0 0
Shots
1 2 3 T
Flames 13 11 7 31
Blues 8 7 12 27

1st period

1. Flames , Sam Reinhart 15 (David Krejci 20) at 5:57 (PP)

Penalties :
Mike Reilly (STL) for Charging (Minor) at 5:53, Alex Biega (CAL) for Hooking (Minor) at 13:00

2nd period

No Goal

Penalties :
Deryk Engelland (CAL) for Hooking (Minor) at 2:46, Morgan Rielly (STL) for Hooking (Minor) at 11:07

3rd period

No Goal

Penalties :
Alex Biega (CAL) for Delaying the game (Minor) at 4:42, Kevan Miller (CAL) for Boarding (Minor) at 17:03

Goalie Stats

Curtis McElhinney (CAL), 27 saves from 27 shots - (1,000), W, 5-2-1, 60:00 minutes
Jonathan Quick (STL), 30 saves from 31 shots - (0,968), L, 8-15-2, 59:27 minutes

Players Stats for Flames

Player Name              G  A  P  +/- PIM S  H  SB GA TA FO     MP     PP MP  PK MP  
------------------------------------------------------------------------------------
Alex Biega               0  0  0   0  4   0  1  0  1  0  0/0    13:48   0:03   1:31 
Alex Chiasson            0  0  0   0  0   3  1  0  0  0  0/0    14:16   0:56   0:00 
Anders Lee               0  0  0   0  0   5  1  0  1  0  0/1    17:38   1:07   0:00 
Danton Heinen            0  0  0   0  0   5  1  0  0  0  0/0    11:35   0:00   0:00 
David Kampf              0  0  0   0  0   1  2  0  0  0  3/6    14:34   0:00   2:02 
David Krejci             0  1  1   0  0   1  1  1  0  0  13/25  17:38   1:07   0:00 
Deryk Engelland          0  0  0   0  2   1  3  1  0  0  0/0    19:57   0:00   2:43 
Drew Doughty             0  0  0   0  0   1  0  0  0  0  0/0    23:04   1:09   3:47 
Jason Demers             0  0  0   0  0   2  2  2  0  2  0/0    26:23   0:51   4:31 
Kevan Miller             0  0  0   0  2   0  3  1  0  0  0/0    17:13   0:54   3:13 
Marcus Sorensen          0  0  0   0  0   1  0  0  1  0  0/0    11:23   0:00   4:04 
Melker Karlsson          0  0  0   0  0   0  1  0  0  0  0/0     9:22   0:00   2:02 
Nate Thompson            0  0  0   0  0   0  0  0  0  0  5/8    11:51   0:00   3:54 
Pavel Zacha              0  0  0   0  0   0  0  2  1  0  2/7    15:04   0:56   0:10 
Ryan Donato              0  0  0   0  0   2  0  0  0  0  0/0    16:34   0:56   2:00 
Sam Reinhart             1  0  1   0  0   4  0  1  0  0  1/2    17:39   1:07   0:00 
Tyson Jost               0  0  0   0  0   3  2  1  0  0  0/1    13:34   0:00   1:40 
Victor Hedman            0  0  0   0  0   2  2  2  0  0  0/0    20:27   1:09   0:07 

Players Stats for Blues

Player Name              G  A  P  +/- PIM S  H  SB GA TA FO     MP     PP MP  PK MP  
------------------------------------------------------------------------------------
Andy Greene              0  0  0   0  0   0  0  3  0  0  0/0    26:27   4:09   1:12 
Christian Dvorak         0  0  0   0  0   1  0  3  0  1  0/0    19:01   3:33   0:00 
Curtis Lazar             0  0  0   0  0   1  1  0  0  0  0/0     7:57   0:26   0:00 
Dominik Simon            0  0  0   0  0   1  1  0  0  0  2/2    12:08   0:00   0:00 
Evander Kane             0  0  0   0  0   4  1  0  1  0  1/6    24:52   3:57   0:59 
Evgeny Kuznetsov         0  0  0   0  0   3  2  4  1  0  13/26  19:34   3:57   1:03 
Jeff Carter              0  0  0   0  0   0  2  0  0  0  7/12   19:33   3:33   0:32 
Jonathan Drouin          0  0  0   0  0   1  5  0  0  0  1/1    19:32   3:33   0:28 
Justin Faulk             0  0  0   0  0   0  0  0  0  0  0/0    20:37   3:47   0:51 
MacKenzie Weegar         0  0  0   0  0   3  1  1  0  1  0/0    20:37   3:47   0:51 
Matt Martin              0  0  0   0  0   0  1  1  0  0  0/0     7:01   0:00   0:00 
Michael Frolik           0  0  0   0  0   2  1  0  0  0  0/1    13:13   0:00   0:32 
Mike Reilly              0  0  0   0  2   1  0  1  0  1  0/0    13:50   0:00   0:55 
Morgan Rielly            0  0  0   0  2   0  1  1  0  1  0/0    25:14   4:09   0:00 
Reilly Smith             0  0  0   0  0   5  0  0  0  0  1/1    19:02   3:57   0:32 
Ryan Reaves              0  0  0   0  0   0  2  0  0  0  0/0     2:56   0:26   0:00 
Sean Walker              0  0  0   0  0   0  0  0  0  0  0/0    13:14   0:00   0:17 
Zach Sanford             0  0  0   0  0   5  2  1  0  0  1/1    13:07   0:26   0:00 

3 Stars

1 - Curtis McElhinney (CAL)
2 - Jonathan Quick (STL)
3 - Sam Reinhart (CAL)

Power Play

Flames - 1 on 2 Attempt(s) - 50,00%
Blues - 0 on 4 Attempt(s) - 0,00%

Penalty Kill

Flames - 4 on 4 Attempt(s) - 100,00% - Score 0 goal in Penalty Kill
Blues - 1 on 2 Attempt(s) - 50,00% - Score 0 goal in Penalty Kill

Team Stat

Flames - Hits : 20 - Faceoff Wins : 24 - Blocked Shots : 11 - Penalty Minutes : 8
Blues - Hits : 20 - Faceoff Wins : 26 - Blocked Shots : 15 - Penalty Minutes : 4

Official

Referees : Stephen Hiff and Mitch Dunning
Linesman : Kelsey Mahoney and David Brisebois

Game Notes

10:45 of 2nd period - Flames goal is going for a video replay. After video review, No Goal. The goal has been scored and an ineligible player is on the ice.

Finance

Level 1 -- Attendance: 4335 (72,25%) -- Ticket Income 433 500 $
Level 2 -- Attendance: 4595 (91,90%) -- Ticket Income 275 700 $
Level 3 -- Attendance: 1407 (70,35%) -- Ticket Income 56 280 $
Level 4 -- Attendance: 2309 (57,73%) -- Ticket Income 69 270 $
Luxury Box -- Attendance: 790 (79,00%) -- Ticket Income 158 000 $
Game was played at the St.Louis Garden.
Total Attendance: 13436 (74,64%)
Total Ticket Income: 992 750 $
Other Income: 486 448 $
Total Income: 1 479 198 $

Flames

5 vs 5 Forward 
   Center                   Left Wing                Right Wing               Time % Phy DF OF 
 1 David Krejci             Anders Lee               Sam Reinhart             38     0   1  4  
 2 Pavel Zacha              Ryan Donato              Alex Chiasson            30     0   2  3  
 3 David Kampf              Danton Heinen            Tyson Jost               22     1   2  2  
 4 Nate Thompson            Melker Karlsson          Marcus Sorensen          10     1   3  1  

5 vs 5 Defense 
   Defense                  Defense                                           Time % Phy DF OF 
 1 Deryk Engelland          Drew Doughty                                      35     0   3  2  
 2 Victor Hedman            Jason Demers                                      34     0   3  2  
 3 Kevan Miller             Alex Biega                                        23     1   3  1  
 4 Drew Doughty             Jason Demers                                      8      0   2  3  

PowerPlay Forward 
   Center                   Left Wing                Right Wing               Time % Phy DF OF 
 1 David Krejci             Anders Lee               Sam Reinhart             60     0   0  5  
 2 Pavel Zacha              Ryan Donato              Alex Chiasson            40     0   1  4  

PowerPlay Defense
   Defense                  Defense                                           Time % Phy DF OF 
 1 Drew Doughty             Victor Hedman                                     60     0   1  4  
 2 Kevan Miller             Jason Demers                                      40     0   1  4  

Penalty Kill 4 Players Forward 
   Center                   Wing                     Time % Phy DF OF 
 1 Nate Thompson            Marcus Sorensen          60     1   4  0  
 2 David Kampf              Melker Karlsson          40     0   4  1  

Penalty Kill 4 Players Defense
   Defense                  Defense                  Time % Phy DF OF 
 1 Kevan Miller             Jason Demers             60     1   4  0  
 2 Drew Doughty             Deryk Engelland          40     1   4  0  

Penalty Kill - 3 Players Forward 
   Forward                                           Time % Phy DF OF 
 1 Nate Thompson                                     60     0   5  0  
 2 David Kampf                                       40     0   5  0  

Penalty Kill - 3 Players Defense
   Defense                  Defense                  Time % Phy DF OF 
 1 Jason Demers             Kevan Miller             60     0   5  0  
 2 Drew Doughty             Deryk Engelland          40     0   5  0  

4 vs 4 Forward 
   Center                   Wing                     Time % Phy DF OF 
 1 David Krejci             Sam Reinhart             60     0   2  3  
 2 Pavel Zacha              Anders Lee               40     0   2  3  

4 vs 4 Defense
   Defense                  Defense                  Time % Phy DF OF 
 1 Alex Biega               Drew Doughty             60     0   2  3  
 2 Kevan Miller             Victor Hedman            40     0   3  2  

Last Minutes Offensive
   Center                   Left Wing                Right Wing               Defense                  Defense                  
   David Krejci             Anders Lee               Sam Reinhart             Drew Doughty             Victor Hedman            

Last Minutes Defensive
   Center                   Left Wing                Right Wing               Defense                  Defense                  
   Nate Thompson            Pavel Zacha              David Kampf              Kevan Miller             Jason Demers             

Goaltenders
Starting : Curtis McElhinney        
Backup : Carey Price              

Extra Forwards
Normal : Sam Reinhart, Pavel Zacha, Anders Lee - PP : Sam Reinhart, Ryan Donato - PK : Tyson Jost
Extra Defensemen
Normal : Drew Doughty, Victor Hedman, Jason Demers - PP : Alex Biega - PK : Jason Demers, Alex Biega
Penalty Shots
Sam Reinhart, David Kampf, Ryan Donato, David Krejci, Pavel Zacha
Custom OT Lines Forwards
Sam Reinhart, Anders Lee, David Krejci, Pavel Zacha, Tyson Jost, Alex Chiasson, Danton Heinen, Ryan Donato, Marcus Sorensen, David Kampf
Custom OT Lines Defensemen
Drew Doughty, Victor Hedman, Jason Demers, Deryk Engelland, Kevan Miller

Scratches
Radim Simek (Healthy), Nick Bjugstad (Bruised Right Arm Injury)

Blues

5 vs 5 Forward 
   Center                   Left Wing                Right Wing               Time % Phy DF OF 
 1 Evgeny Kuznetsov         Evander Kane             Reilly Smith             40     1   2  2  
 2 Jeff Carter              Christian Dvorak         Jonathan Drouin          30     1   2  2  
 3 Dominik Simon            Zach Sanford             Michael Frolik           20     1   2  2  
 4 Evander Kane             Matt Martin              Curtis Lazar             10     1   2  2  

5 vs 5 Defense 
   Defense                  Defense                                           Time % Phy DF OF 
 1 Morgan Rielly            Andy Greene                                       40     1   2  2  
 2 Justin Faulk             MacKenzie Weegar                                  30     1   2  2  
 3 Sean Walker              Mike Reilly                                       20     1   2  2  
 4 Morgan Rielly            Andy Greene                                       10     1   2  2  

PowerPlay Forward 
   Center                   Left Wing                Right Wing               Time % Phy DF OF 
 1 Evgeny Kuznetsov         Evander Kane             Reilly Smith             60     1   2  2  
 2 Jeff Carter              Christian Dvorak         Jonathan Drouin          40     1   2  2  

PowerPlay Defense
   Defense                  Defense                                           Time % Phy DF OF 
 1 Morgan Rielly            Andy Greene                                       60     1   2  2  
 2 Justin Faulk             MacKenzie Weegar                                  40     1   2  2  

Penalty Kill 4 Players Forward 
   Center                   Wing                     Time % Phy DF OF 
 1 Evander Kane             Evgeny Kuznetsov         60     1   2  2  
 2 Reilly Smith             Jeff Carter              40     1   2  2  

Penalty Kill 4 Players Defense
   Defense                  Defense                  Time % Phy DF OF 
 1 Morgan Rielly            Andy Greene              60     1   2  2  
 2 Justin Faulk             MacKenzie Weegar         40     1   2  2  

Penalty Kill - 3 Players Forward 
   Forward                                           Time % Phy DF OF 
 1 Evander Kane                                      60     1   2  2  
 2 Evgeny Kuznetsov                                  40     1   2  2  

Penalty Kill - 3 Players Defense
   Defense                  Defense                  Time % Phy DF OF 
 1 Morgan Rielly            Andy Greene              60     1   2  2  
 2 Justin Faulk             MacKenzie Weegar         40     1   2  2  

4 vs 4 Forward 
   Center                   Wing                     Time % Phy DF OF 
 1 Evander Kane             Evgeny Kuznetsov         60     1   2  2  
 2 Reilly Smith             Jeff Carter              40     1   2  2  

4 vs 4 Defense
   Defense                  Defense                  Time % Phy DF OF 
 1 Morgan Rielly            Andy Greene              60     1   2  2  
 2 Justin Faulk             MacKenzie Weegar         40     1   2  2  

Last Minutes Offensive
   Center                   Left Wing                Right Wing               Defense                  Defense                  
   Evgeny Kuznetsov         Evander Kane             Reilly Smith             Morgan Rielly            Andy Greene              

Last Minutes Defensive
   Center                   Left Wing                Right Wing               Defense                  Defense                  
   Evgeny Kuznetsov         Evander Kane             Reilly Smith             Morgan Rielly            Andy Greene              

Goaltenders
Starting : Jonathan Quick           
Backup : Brian Elliott            

Extra Forwards
Normal : Ryan Reaves, Zach Sanford, Michael Frolik - PP : Ryan Reaves, Zach Sanford - PK : Michael Frolik
Extra Defensemen
Normal : Sean Walker, Mike Reilly, Justin Faulk - PP : Sean Walker - PK : Mike Reilly, Justin Faulk
Penalty Shots
Evander Kane, Evgeny Kuznetsov, Reilly Smith, Jeff Carter, Christian Dvorak
Custom OT Lines Forwards
Evander Kane, Evgeny Kuznetsov, Reilly Smith, Jeff Carter, Christian Dvorak, Jonathan Drouin, Zach Sanford, Michael Frolik, Curtis Lazar, Matt Martin
Custom OT Lines Defensemen
Morgan Rielly, Andy Greene, Justin Faulk, MacKenzie Weegar, Sean Walker

Scratches
Anthony Cirelli (Healthy), Colin White (Healthy), Marc-Edouard Vlasic (Healthy)

% Time on Ice - Flames

Lines # - Real PCT - Wanted PCT - Time Play
Normal Forward
1 - 35% - 38% - 17:08
2 - 28% - 30% - 13:39
3 - 23% - 22% - 11:35
4 - 14% - 10% - 7:01
Normal Defense
1 - 33% - 35% - 16:18
2 - 37% - 34% - 18:16
3 - 24% - 23% - 11:43
4 - 6% - 8% - 3:06
PP Forward
1 - 54% - 60% - 1:07
2 - 46% - 40% - 0:56
PP Defense
1 - 56% - 60% - 1:09
2 - 44% - 40% - 0:54
PK Forward
1 - 74% - 60% - 5:54
2 - 26% - 40% - 2:02
PK Defense
1 - 54% - 60% - 4:18
2 - 46% - 40% - 3:38
PK3 Forward
1 - 0% - 60%
2 - 0% - 40%
PK3 Defense
1 - 0% - 60%
2 - 0% - 40%
44 Forward
1 - 0% - 60%
2 - 0% - 40%
44 Defense
1 - 0% - 60%
2 - 0% - 40%
Last Minute Offensive  - 0:00
Last Minute Defensive  - 0:38
Total
Forward - 60:00
Defense - 60:00

% Time on Ice - Blues

Lines # - Real PCT - Wanted PCT - Time Play
Normal Forward
1 - 28% - 40% - 13:53
2 - 33% - 30% - 16:16
3 - 25% - 20% - 12:08
4 - 14% - 10% - 7:01
Normal Defense
1 - 37% - 40% - 18:27
2 - 32% - 30% - 15:54
3 - 26% - 20% - 12:56
4 - 4% - 10% - 2:01
PP Forward
1 - 55% - 60% - 4:23
2 - 45% - 40% - 3:33
PP Defense
1 - 52% - 60% - 4:09
2 - 48% - 40% - 3:47
PK Forward
1 - 74% - 60% - 1:31
2 - 26% - 40% - 0:32
PK Defense
1 - 59% - 60% - 1:12
2 - 41% - 40% - 0:51
PK3 Forward
1 - 0% - 60%
2 - 0% - 40%
PK3 Defense
1 - 0% - 60%
2 - 0% - 40%
44 Forward
1 - 0% - 60%
2 - 0% - 40%
44 Defense
1 - 0% - 60%
2 - 0% - 40%
Last Minute Offensive  - 0:43
Last Minute Defensive  - 0:00
Total
Forward - 60:00
Defense - 60:00

Play-by-Play

1st period


0:01 of 1st period - Evgeny Kuznetsov wins face-off versus David Krejci in neutral zone.
0:26 of 1st period - Pavel Zacha is hit by Jeff Carter and loses puck.
1:22 of 1st period - Off-side.
1:23 of 1st period - David Krejci wins face-off versus Jeff Carter in neutral zone.
1:28 of 1st period - Snap shot by Anders Lee.
1:28 of 1st period - Stopped by Jonathan Quick without a rebound.
1:29 of 1st period - David Krejci wins face-off versus Jeff Carter in Blues zone.
1:38 of 1st period - Wrist shot by Sam Reinhart.
1:38 of 1st period - Shot Misses the Net.
1:40 of 1st period - Slapshot by Jason Demers.
1:40 of 1st period - Deflect By Christian Dvorak.
1:40 of 1st period - Stopped by Jonathan Quick with a rebound.
1:42 of 1st period - Slapshot by David Krejci.
1:42 of 1st period - Stopped by Jonathan Quick without a rebound.
1:43 of 1st period - Evgeny Kuznetsov wins face-off versus Pavel Zacha in Blues zone.
1:43 of 1st period - Evgeny Kuznetsov is hit by Kevan Miller.
1:51 of 1st period - Wrist shot by Evgeny Kuznetsov.
1:51 of 1st period - Shot Blocked by Kevan Miller.
2:09 of 1st period - Andy Greene is hit by Alex Biega.
3:21 of 1st period - Slapshot by Alex Chiasson.
3:21 of 1st period - Shot Misses the Net.
3:58 of 1st period - Snap shot by Evander Kane.
3:58 of 1st period - Stopped by Curtis McElhinney with a rebound.
4:02 of 1st period - Wrist shot by Evander Kane.
4:02 of 1st period - Shot Misses the Net.
4:04 of 1st period - Slapshot by Morgan Rielly.
4:04 of 1st period - Shot Blocked by Pavel Zacha.
4:06 of 1st period - Slapshot by Andy Greene.
4:06 of 1st period - Shot Blocked by Pavel Zacha.
4:14 of 1st period - Snap shot by Evander Kane.
4:14 of 1st period - Deflect By Curtis Lazar.
4:14 of 1st period - Stopped by Curtis McElhinney with a rebound.
4:18 of 1st period - Snap shot by Evander Kane.
4:18 of 1st period - Shot Blocked by Victor Hedman.
4:44 of 1st period - Backhand shot by Alex Chiasson.
4:44 of 1st period - Stopped by Jonathan Quick with a rebound.
4:52 of 1st period - Backhand shot by Evander Kane.
4:52 of 1st period - Stopped by Curtis McElhinney without a rebound.
4:53 of 1st period - Jeff Carter wins face-off versus David Krejci in Flames zone.
4:58 of 1st period - Snap shot by Christian Dvorak.
4:58 of 1st period - Shot Misses the Net.
5:00 of 1st period - Slapshot by Justin Faulk.
5:00 of 1st period - Shot Misses the Net.
5:02 of 1st period - Slapshot by MacKenzie Weegar.
5:02 of 1st period - Stopped by Curtis McElhinney with a rebound.
5:18 of 1st period - MacKenzie Weegar is hit by Danton Heinen and loses puck.
5:53 of 1st period - Minor Penalty to Mike Reilly for Charging.
5:54 of 1st period - David Krejci wins face-off versus Michael Frolik in Blues zone.
5:57 of 1st period - Slapshot by Sam Reinhart.
5:57 of 1st period - Goal by Sam Reinhart - Flames : 1 - Blues : 0.
5:58 of 1st period - Jeff Carter wins face-off versus David Krejci in neutral zone.
7:25 of 1st period - Zach Sanford is hit by Jason Demers and loses puck.
8:01 of 1st period - Snap shot by Danton Heinen.
8:01 of 1st period - Deflect By Tyson Jost.
8:01 of 1st period - Stopped by Jonathan Quick without a rebound.
8:02 of 1st period - Dominik Simon wins face-off versus Sam Reinhart in Blues zone.
8:08 of 1st period - Snap shot by Michael Frolik.
8:08 of 1st period - Stopped by Curtis McElhinney without a rebound.
8:09 of 1st period - Zach Sanford wins face-off versus David Krejci in Flames zone.
8:42 of 1st period - Off-side.
8:43 of 1st period - David Kampf wins face-off versus Evgeny Kuznetsov in neutral zone.
8:50 of 1st period - Slapshot by Danton Heinen.
8:50 of 1st period - Stopped by Jonathan Quick without a rebound.
8:51 of 1st period - Evgeny Kuznetsov wins face-off versus David Kampf in Blues zone.
8:51 of 1st period - Evgeny Kuznetsov is hit by Kevan Miller.
9:50 of 1st period - Snap shot by Alex Chiasson.
9:50 of 1st period - Stopped by Jonathan Quick with a rebound.
11:01 of 1st period - Snap shot by Michael Frolik.
11:01 of 1st period - Stopped by Curtis McElhinney with a rebound.
11:03 of 1st period - Backhand shot by Zach Sanford.
11:03 of 1st period - Stopped by Curtis McElhinney without a rebound.
11:04 of 1st period - Jeff Carter wins face-off versus David Krejci in Flames zone.
11:54 of 1st period - Wrist shot by Danton Heinen.
11:54 of 1st period - Stopped by Jonathan Quick without a rebound.
11:55 of 1st period - Evgeny Kuznetsov wins face-off versus David Krejci in Blues zone.
13:00 of 1st period - Minor Penalty to Alex Biega for Hooking.
13:01 of 1st period - Evgeny Kuznetsov wins face-off versus Nate Thompson in Flames zone.
13:02 of 1st period - Slapshot by Reilly Smith.
13:02 of 1st period - Stopped by Curtis McElhinney with a rebound.
14:37 of 1st period - Melker Karlsson is hit by Jonathan Drouin and loses puck.
15:00 of 1st period - Penalty to Alex Biega is over, Alex Biega is back on ice.
15:05 of 1st period - Nate Thompson is hit by Dominik Simon.
15:17 of 1st period - Snap shot by Alex Biega.
15:17 of 1st period - Deflect By Marcus Sorensen.
15:17 of 1st period - Stopped by Jonathan Quick without a rebound.
15:18 of 1st period - David Krejci wins face-off versus Evander Kane in Blues zone.
15:45 of 1st period - Drew Doughty is hit by Jeff Carter and loses puck.
16:10 of 1st period - Backhand shot by Danton Heinen.
16:10 of 1st period - Shot Blocked by Christian Dvorak.
16:12 of 1st period - Slapshot by Kevan Miller.
16:12 of 1st period - Shot Blocked by Morgan Rielly.
16:14 of 1st period - Wrist shot by Danton Heinen.
16:14 of 1st period - Stopped by Jonathan Quick without a rebound.
16:15 of 1st period - Evgeny Kuznetsov wins face-off versus Anders Lee in Blues zone.
17:21 of 1st period - Marcus Sorensen is hit by Evander Kane and loses puck.
17:46 of 1st period - Wrist shot by Danton Heinen.
17:46 of 1st period - Shot Blocked by Mike Reilly.
17:48 of 1st period - Slapshot by Jason Demers.
17:48 of 1st period - Deflect By Tyson Jost.
17:48 of 1st period - Shot Blocked by Evgeny Kuznetsov.
17:48 of 1st period - Puck is out of play.
17:49 of 1st period - David Kampf wins face-off versus Jeff Carter in Blues zone.
18:16 of 1st period - Michael Frolik is hit by Deryk Engelland and loses puck.
18:58 of 1st period - Drew Doughty is hit by Jonathan Drouin.
19:43 of 1st period - Snap shot by Pavel Zacha.
19:43 of 1st period - Shot Blocked by Evgeny Kuznetsov.
19:45 of 1st period - Snap shot by Deryk Engelland.
19:45 of 1st period - Stopped by Jonathan Quick with a rebound.
19:47 of 1st period - Snap shot by Ryan Donato.
19:47 of 1st period - Stopped by Jonathan Quick with a rebound.
19:52 of 1st period - Icing by Evander Kane.
19:53 of 1st period - David Krejci wins face-off versus Evgeny Kuznetsov in Blues zone.
19:54 of 1st period - Wrist shot by Sam Reinhart.
19:54 of 1st period - Deflect By Reilly Smith.
19:54 of 1st period - Shot Blocked by Evgeny Kuznetsov.
19:54 of 1st period - Puck is out of play.
19:55 of 1st period - David Krejci wins face-off versus Jeff Carter in Blues zone.
Goals for this period are 1 for Flames vs 0 for Blues.
Shots for this period are 13 for Flames vs 8 for Blues.

2nd period


0:01 of 2nd period - David Krejci wins face-off versus Evgeny Kuznetsov in neutral zone.
0:36 of 2nd period - Jason Demers is hit by Jonathan Drouin.
0:46 of 2nd period - Slapshot by Danton Heinen.
0:46 of 2nd period - Stopped by Jonathan Quick with a rebound.
1:50 of 2nd period - Snap shot by Alex Chiasson.
1:50 of 2nd period - Shot Blocked by Matt Martin.
2:46 of 2nd period - Minor Penalty to Deryk Engelland for Hooking.
2:47 of 2nd period - Nate Thompson wins face-off versus Evgeny Kuznetsov in Flames zone.
4:46 of 2nd period - Penalty to Deryk Engelland is over, Deryk Engelland is back on ice.
4:57 of 2nd period - Wrist shot by Zach Sanford.
4:57 of 2nd period - Shot Misses the Net.
5:15 of 2nd period - Tyson Jost is hit by Matt Martin and loses puck.
5:47 of 2nd period - Matt Martin is hit by David Krejci and loses puck.
5:58 of 2nd period - Drew Doughty is hit by Ryan Reaves and loses puck.
6:03 of 2nd period - Wrist shot by Matt Martin.
6:03 of 2nd period - Shot Misses the Net.
6:05 of 2nd period - Slapshot by Curtis Lazar.
6:05 of 2nd period - Shot Blocked by Deryk Engelland.
6:07 of 2nd period - Slapshot by Mike Reilly.
6:07 of 2nd period - Stopped by Curtis McElhinney without a rebound.
6:08 of 2nd period - Jeff Carter wins face-off versus David Kampf in Flames zone.
6:38 of 2nd period - Evander Kane is hit by Victor Hedman and loses puck.
7:04 of 2nd period - Snap shot by Sam Reinhart.
7:04 of 2nd period - Stopped by Jonathan Quick with a rebound.
7:06 of 2nd period - Snap shot by Anders Lee.
7:06 of 2nd period - Stopped by Jonathan Quick with a rebound.
7:16 of 2nd period - Slapshot by Drew Doughty.
7:16 of 2nd period - Shot Misses the Net.
7:54 of 2nd period - Christian Dvorak is hit by David Kampf and loses puck.
8:01 of 2nd period - Snap shot by Tyson Jost.
8:01 of 2nd period - Stopped by Jonathan Quick with a rebound.
8:05 of 2nd period - Snap shot by David Kampf.
8:05 of 2nd period - Stopped by Jonathan Quick with a rebound.
8:07 of 2nd period - Slapshot by Victor Hedman.
8:07 of 2nd period - Shot Blocked by Christian Dvorak.
8:09 of 2nd period - Wrist shot by Danton Heinen.
8:09 of 2nd period - Stopped by Jonathan Quick with a rebound.
8:11 of 2nd period - Slapshot by Jason Demers.
8:11 of 2nd period - Stopped by Jonathan Quick without a rebound.
8:12 of 2nd period - David Krejci wins face-off versus Evgeny Kuznetsov in Blues zone.
8:19 of 2nd period - Slapshot by Anders Lee.
8:19 of 2nd period - Stopped by Jonathan Quick with a rebound.
8:38 of 2nd period - Mike Reilly is hit by Deryk Engelland and loses puck.
8:50 of 2nd period - Icing by Ryan Donato.
8:51 of 2nd period - Nate Thompson wins face-off versus Evander Kane in Flames zone.
8:51 of 2nd period - Nate Thompson is hit by Curtis Lazar.
8:57 of 2nd period - Slapshot by Drew Doughty.
8:57 of 2nd period - Stopped by Jonathan Quick with a rebound.
8:59 of 2nd period - Wrist shot by Marcus Sorensen.
8:59 of 2nd period - Deflect By Nate Thompson.
8:59 of 2nd period - Shot Misses the Net.
8:59 of 2nd period - Puck is out of play.
9:00 of 2nd period - Evgeny Kuznetsov wins face-off versus David Krejci in Blues zone.
9:04 of 2nd period - Off-side.
9:05 of 2nd period - David Krejci wins face-off versus Evander Kane in neutral zone.
9:08 of 2nd period - Reilly Smith is hit by Jason Demers and loses puck.
9:17 of 2nd period - Snap shot by Evgeny Kuznetsov.
9:17 of 2nd period - Shot Misses the Net.
9:19 of 2nd period - Snap shot by Evgeny Kuznetsov.
9:19 of 2nd period - Stopped by Curtis McElhinney without a rebound.
9:20 of 2nd period - Evgeny Kuznetsov wins face-off versus Pavel Zacha in Flames zone.
10:17 of 2nd period - Slapshot by Zach Sanford.
10:17 of 2nd period - Stopped by Curtis McElhinney with a rebound.
10:31 of 2nd period - Snap shot by Evgeny Kuznetsov.
10:31 of 2nd period - Shot Misses the Net.
10:33 of 2nd period - Snap shot by Evgeny Kuznetsov.
10:33 of 2nd period - Stopped by Curtis McElhinney with a rebound.
10:43 of 2nd period - Snap shot by Alex Chiasson.
10:43 of 2nd period - Shot Misses the Net.
10:45 of 2nd period - Slapshot by Alex Chiasson.
10:45 of 2nd period - Flames goal is going for a video replay.
10:45 of 2nd period - The goal is refused. The goal has been scored and an ineligible player is on the ice..
10:46 of 2nd period - Jeff Carter wins face-off versus Pavel Zacha in Blues zone.
11:01 of 2nd period - Snap shot by Pavel Zacha.
11:01 of 2nd period - Shot Blocked by Andy Greene.
11:07 of 2nd period - Minor Penalty to Morgan Rielly for Hooking.
11:08 of 2nd period - Evander Kane wins face-off versus David Krejci in Blues zone.
12:33 of 2nd period - Slapshot by Reilly Smith.
12:33 of 2nd period - Shot Blocked by Sam Reinhart.
13:07 of 2nd period - Penalty to Morgan Rielly is over, Morgan Rielly is back on ice.
13:11 of 2nd period - Slapshot by Zach Sanford.
13:11 of 2nd period - Stopped by Curtis McElhinney with a rebound.
13:13 of 2nd period - Slapshot by Sean Walker.
13:13 of 2nd period - Deflect By Zach Sanford.
13:13 of 2nd period - Stopped by Curtis McElhinney with a rebound.
13:21 of 2nd period - Alex Chiasson is hit by Michael Frolik and loses puck.
13:56 of 2nd period - Wrist shot by Curtis Lazar.
13:56 of 2nd period - Shot Misses the Net.
14:28 of 2nd period - Anders Lee is hit by MacKenzie Weegar and loses puck.
14:46 of 2nd period - Jonathan Drouin is hit by Tyson Jost.
15:04 of 2nd period - Victor Hedman is hit by Morgan Rielly and loses puck.
15:37 of 2nd period - Snap shot by Victor Hedman.
15:37 of 2nd period - Deflect By Justin Faulk.
15:37 of 2nd period - Stopped by Jonathan Quick with a rebound.
16:26 of 2nd period - Snap shot by Evander Kane.
16:26 of 2nd period - Stopped by Curtis McElhinney with a rebound.
17:02 of 2nd period - Icing by Sam Reinhart.
17:03 of 2nd period - David Krejci wins face-off versus Jeff Carter in Flames zone.
17:08 of 2nd period - Andy Greene is hit by Deryk Engelland and loses puck.
17:16 of 2nd period - Icing by Jonathan Drouin.
17:17 of 2nd period - Reilly Smith wins face-off versus Pavel Zacha in Blues zone.
18:54 of 2nd period - Icing by Ryan Donato.
18:55 of 2nd period - Pavel Zacha wins face-off versus Evander Kane in Flames zone.
19:32 of 2nd period - Snap shot by Pavel Zacha.
19:32 of 2nd period - Shot Blocked by MacKenzie Weegar.
19:42 of 2nd period - Justin Faulk is hit by Melker Karlsson and loses puck.
Goals for this period are 0 for Flames vs 0 for Blues.
Shots for this period are 11 for Flames vs 7 for Blues.

3rd period


0:01 of 3rd period - David Krejci wins face-off versus Evgeny Kuznetsov in neutral zone.
0:01 of 3rd period - Anders Lee is hit by Evgeny Kuznetsov and loses puck.
0:06 of 3rd period - Snap shot by Sam Reinhart.
0:06 of 3rd period - Stopped by Jonathan Quick without a rebound.
0:07 of 3rd period - Evgeny Kuznetsov wins face-off versus David Krejci in Blues zone.
0:16 of 3rd period - Snap shot by Evgeny Kuznetsov.
0:16 of 3rd period - Deflect By Reilly Smith.
0:16 of 3rd period - Deflect By Anders Lee.
0:16 of 3rd period - Stopped by Curtis McElhinney without a rebound.
0:17 of 3rd period - Sam Reinhart wins face-off versus Evgeny Kuznetsov in Flames zone.
0:44 of 3rd period - Dominik Simon is hit by Alex Chiasson and loses puck.
1:09 of 3rd period - Jonathan Drouin is hit by Tyson Jost and loses puck.
1:24 of 3rd period - Backhand shot by Marcus Sorensen.
1:24 of 3rd period - Deflect By Nate Thompson.
1:24 of 3rd period - Shot Blocked by Andy Greene.
1:24 of 3rd period - Puck is out of play.
1:25 of 3rd period - Nate Thompson wins face-off versus Evgeny Kuznetsov in Blues zone.
1:34 of 3rd period - Wrist shot by Evander Kane.
1:34 of 3rd period - Shot Hit the Post.
1:36 of 3rd period - Wrist shot by MacKenzie Weegar.
1:36 of 3rd period - Stopped by Curtis McElhinney with a rebound.
1:38 of 3rd period - Wrist shot by Reilly Smith.
1:38 of 3rd period - Stopped by Curtis McElhinney without a rebound.
1:39 of 3rd period - Evgeny Kuznetsov wins face-off versus David Krejci in Flames zone.
1:42 of 3rd period - Snap shot by Reilly Smith.
1:42 of 3rd period - Shot Misses the Net.
1:44 of 3rd period - Snap shot by Evgeny Kuznetsov.
1:44 of 3rd period - Shot Misses the Net.
2:08 of 3rd period - Off-side.
2:09 of 3rd period - Pavel Zacha wins face-off versus Evgeny Kuznetsov in neutral zone.
2:12 of 3rd period - Wrist shot by Ryan Donato.
2:12 of 3rd period - Stopped by Jonathan Quick with a rebound.
2:45 of 3rd period - Snap shot by Anders Lee.
2:45 of 3rd period - Stopped by Jonathan Quick without a rebound.
2:46 of 3rd period - David Krejci wins face-off versus Evgeny Kuznetsov in Blues zone.
2:59 of 3rd period - Slapshot by Evgeny Kuznetsov.
2:59 of 3rd period - Stopped by Curtis McElhinney with a rebound.
3:01 of 3rd period - Snap shot by Reilly Smith.
3:01 of 3rd period - Stopped by Curtis McElhinney with a rebound.
3:11 of 3rd period - Snap shot by Dominik Simon.
3:11 of 3rd period - Shot Misses the Net.
3:13 of 3rd period - Snap shot by Zach Sanford.
3:13 of 3rd period - Stopped by Curtis McElhinney with a rebound.
3:15 of 3rd period - Snap shot by Dominik Simon.
3:15 of 3rd period - Stopped by Curtis McElhinney with a rebound.
3:17 of 3rd period - Slapshot by Zach Sanford.
3:17 of 3rd period - Shot Blocked by Jason Demers.
3:43 of 3rd period - Victor Hedman is hit by Jonathan Drouin and loses puck.
3:58 of 3rd period - Snap shot by Evander Kane.
3:58 of 3rd period - Shot Blocked by Tyson Jost.
4:00 of 3rd period - Snap shot by Evander Kane.
4:00 of 3rd period - Stopped by Curtis McElhinney without a rebound.
4:01 of 3rd period - Evgeny Kuznetsov wins face-off versus Tyson Jost in Flames zone.
4:12 of 3rd period - Evgeny Kuznetsov is hit by David Kampf.
4:42 of 3rd period - Minor Penalty to Alex Biega for Delaying the game.
4:43 of 3rd period - Nate Thompson wins face-off versus Evgeny Kuznetsov in Flames zone.
5:24 of 3rd period - Deryk Engelland is hit by Jonathan Drouin and loses puck.
6:03 of 3rd period - Slapshot by Ryan Donato.
6:03 of 3rd period - Shot Misses the Net.
6:37 of 3rd period - Drew Doughty is hit by Ryan Reaves.
6:42 of 3rd period - Penalty to Alex Biega is over, Alex Biega is back on ice.
8:00 of 3rd period - Snap shot by Pavel Zacha.
8:00 of 3rd period - Shot Misses the Net.
8:28 of 3rd period - Matt Martin is hit by Kevan Miller and loses puck.
8:43 of 3rd period - Melker Karlsson is hit by Zach Sanford and loses puck.
9:14 of 3rd period - Kevan Miller is hit by Evgeny Kuznetsov and loses puck.
9:49 of 3rd period - Slapshot by Evander Kane.
9:49 of 3rd period - Shot Misses the Net.
10:01 of 3rd period - Snap shot by Sam Reinhart.
10:01 of 3rd period - Shot Blocked by Christian Dvorak.
10:20 of 3rd period - Off-side.
10:21 of 3rd period - David Kampf wins face-off versus Evgeny Kuznetsov in neutral zone.
10:32 of 3rd period - Snap shot by Drew Doughty.
10:32 of 3rd period - Shot Blocked by Andy Greene.
10:34 of 3rd period - Slapshot by Drew Doughty.
10:34 of 3rd period - Shot Blocked by Evgeny Kuznetsov.
10:46 of 3rd period - Anders Lee is hit by Zach Sanford and loses puck.
10:50 of 3rd period - Icing by Jason Demers.
10:51 of 3rd period - Dominik Simon wins face-off versus David Krejci in Flames zone.
11:00 of 3rd period - Snap shot by Dominik Simon.
11:00 of 3rd period - Shot Misses the Net.
11:02 of 3rd period - Slapshot by Sean Walker.
11:02 of 3rd period - Deflect By Zach Sanford.
11:02 of 3rd period - Shot Blocked by Victor Hedman.
11:02 of 3rd period - Puck is out of play.
11:03 of 3rd period - Evgeny Kuznetsov wins face-off versus David Krejci in Flames zone.
12:12 of 3rd period - Snap shot by Melker Karlsson.
12:12 of 3rd period - Shot Misses the Net.
12:17 of 3rd period - Off-side.
12:18 of 3rd period - David Krejci wins face-off versus Evander Kane in neutral zone.
12:21 of 3rd period - Slapshot by Victor Hedman.
12:21 of 3rd period - Stopped by Jonathan Quick with a rebound.
12:39 of 3rd period - Justin Faulk is hit by Anders Lee and loses puck.
12:50 of 3rd period - Wrist shot by Sam Reinhart.
12:50 of 3rd period - Deflect By Anders Lee.
12:50 of 3rd period - Stopped by Jonathan Quick with a rebound.
12:56 of 3rd period - Snap shot by Evgeny Kuznetsov.
12:56 of 3rd period - Shot Blocked by David Krejci.
13:08 of 3rd period - Snap shot by Sam Reinhart.
13:08 of 3rd period - Stopped by Jonathan Quick with a rebound.
13:58 of 3rd period - Slapshot by Evgeny Kuznetsov.
13:58 of 3rd period - Shot Blocked by Jason Demers.
14:00 of 3rd period - Slapshot by MacKenzie Weegar.
14:00 of 3rd period - Deflect By Sam Reinhart.
14:00 of 3rd period - Stopped by Curtis McElhinney with a rebound.
14:02 of 3rd period - Snap shot by Reilly Smith.
14:02 of 3rd period - Stopped by Curtis McElhinney without a rebound.
14:03 of 3rd period - Jeff Carter wins face-off versus Pavel Zacha in Flames zone.
14:35 of 3rd period - Slapshot by Zach Sanford.
14:35 of 3rd period - Shot Misses the Net.
14:37 of 3rd period - Snap shot by Michael Frolik.
14:37 of 3rd period - Shot Misses the Net.
14:49 of 3rd period - Snap shot by Marcus Sorensen.
14:49 of 3rd period - Shot Misses the Net.
14:52 of 3rd period - Icing by Mike Reilly.
14:53 of 3rd period - Jeff Carter wins face-off versus Nate Thompson in Blues zone.
15:10 of 3rd period - Slapshot by Tyson Jost.
15:10 of 3rd period - Shot Blocked by Zach Sanford.
16:18 of 3rd period - Zach Sanford is hit by Victor Hedman and loses puck.
17:03 of 3rd period - Minor Penalty to Kevan Miller for Boarding.
17:04 of 3rd period - Nate Thompson wins face-off versus Evgeny Kuznetsov in Flames zone.
17:27 of 3rd period - Slapshot by Jonathan Drouin.
17:27 of 3rd period - Stopped by Curtis McElhinney with a rebound.
17:29 of 3rd period - Snap shot by Christian Dvorak.
17:29 of 3rd period - Stopped by Curtis McElhinney without a rebound.
17:30 of 3rd period - Jonathan Drouin wins face-off versus Nate Thompson in Flames zone.
17:39 of 3rd period - Snap shot by Christian Dvorak.
17:39 of 3rd period - Shot Misses the Net.
19:03 of 3rd period - Penalty to Kevan Miller is over, Kevan Miller is back on ice.
19:19 of 3rd period - Wrist shot by Ryan Donato.
19:19 of 3rd period - Shot Misses the Net.
19:21 of 3rd period - Snap shot by Tyson Jost.
19:21 of 3rd period - Stopped by Jonathan Quick without a rebound.
19:22 of 3rd period - Rick Bowness call a timeout for Blues.
19:22 of 3rd period - Evgeny Kuznetsov wins face-off versus David Kampf in Blues zone.
19:27 of 3rd period - Blues, Jonathan Quick is pulled from the net.
19:41 of 3rd period - Snap shot by Evgeny Kuznetsov.
19:41 of 3rd period - Shot Misses the Net.
19:56 of 3rd period - Snap shot by Pavel Zacha.
19:56 of 3rd period - Shot Misses the Net.
19:58 of 3rd period - Slapshot by Jason Demers.
19:58 of 3rd period - Shot Misses the Net.
Goals for this period are 0 for Flames vs 0 for Blues.
Shots for this period are 7 for Flames vs 12 for Blues. Output by the SimonT Hockey Simulator (STHS) for Eric Tremblay - Original Page W3C HTML5 Valid
Hockey Simulator - Hockey Simulation - Hockey Manager